 Dungeon Crawl Stone Soup version 0.18-b1-18-g7758cf2 (webtiles) character file.

3189 mothership the Markscentaur (level 9, -1/68 HPs)
             Began as a Centaur Hunter on May 2, 2016.
             Was a Priest of Trog.
             Slain by a yak (6 damage)
             ... on level 11 of the Dungeon.
             The game lasted 03:02:22 (12008 turns).

mothership the Markscentaur (Centaur Hunter)       Turns: 12008, Time: 03:02:23

Health: -1/68      AC:  6    Str: 19    XL:     9   Next: 64%
Magic:  9/9        EV: 10    Int: 10    God:    Trog [***...]
Gold:   738        SH:  0    Dex: 17    Spells: 0 memorised, 8 levels left

rFire  . . .     SeeInvis .     a - +1 shortbow
rCold  . . .     Gourm    .     F - +0 ring mail
rNeg   . . .     Faith    +     (shield currently unavailable)
rPois  .         Spirit   .     (no helmet)
rElec  .         Dismiss  .     (no cloak)
rCorr  .         Reflect  .     (no gloves)
SustAt .         Harm     .     (no barding)
MR     .....                    s - amulet of faith
Stlth  +.........               P - +2 ring of dexterity
                                I - +4 ring of strength

@: very quick, not resistant to hostile enchantments, very unstealthy
A: hooves 3, agile 1, deformed body, speed 2, tough skin 3
a: Berserk, Trog's Hand, Burn Spellbooks, Renounce Religion


You were on level 11 of the Dungeon.
You worshipped Trog.
Trog was most pleased with you.
You were not hungry.

You visited 2 branches of the dungeon, and saw 11 of its levels.

You collected 738 gold pieces.

Inventory:

Hand Weapons
 a - a +1 shortbow (weapon)
 b - a +0 short sword
 l - a +1 hand axe of holy wrath
 n - a +2 war axe of chopping
 E - a +1 trident of venom
 O - a +0 shortbow
Missiles
 d - 49 arrows (quivered)
 h - 73 bolts
 M - 27 poisoned needles
Armour
 c - a +0 leather armour
 o - a +0 ring mail
 F - a +0 ring mail (worn)
Jewellery
 i - a +2 ring of protection
 q - an uncursed amulet of the gourmand
 s - an amulet of faith (around neck)
 H - an uncursed ring of protection from magic
 I - a +4 ring of strength (left hand)
 J - an uncursed ring of positive energy
 P - a +2 ring of dexterity (right hand)
 Q - an uncursed ring of protection from cold {unknown}
 S - an uncursed amulet of guardian spirit {unknown}
Wands
 y - a wand of acid (9/15)
 z - a wand of heal wounds (0/9)
 C - a wand of teleportation (2/9)
 K - a wand of hasting (9/9)
 W - a wand of iceblast (6/15)
Scrolls
 f - 5 scrolls of remove curse
 m - a scroll of magic mapping
 r - 3 scrolls of teleportation
 u - a scroll of amnesia {unknown}
 x - a scroll of recharging
 A - 5 scrolls of identify
 B - a scroll of noise
 D - a scroll of immolation
 L - a scroll of enchant weapon
 T - a scroll of random uselessness
 V - a scroll of vulnerability {unknown}
Potions
 e - a potion of degeneration
 j - 2 potions of cure mutation
 p - a potion of agility
 v - 2 potions of curing
 w - a potion of cancellation
 X - a potion of might
Comestibles
 g - 6 meat rations
 k - 3 beef jerkies
 t - a royal jelly
 G - a slice of pizza
 R - 3 fruits


   Skills:
 + Level 2.4 Fighting
 + Level 0.1 Axes
 + Level 15.9 Bows
 + Level 2.8 Armour
 + Level 2.5 Dodging
 + Level 1.2 Stealth


You had 8 spell levels left.
You didn't know any spells.

Dungeon Overview and Level Annotations

Branches:
Dungeon (9/15)             Temple (1/1) D:5
   Lair: D:8-11         Orc: D:9-12

Altars:
Ashenzari
Cheibriados
Dithmenos
Elyvilon
Fedhas
Gozag
Kikubaaqudgha
Makhleb
Nemelex Xobeh
Okawaru
Pakellas
Qazlal
Ru
Sif Muna
Trog
Vehumet
Xom
Yredelemnul
Zin
The Shining One

Shops:
D:7 [

Annotations:
D:9 Erica


Innate Abilities, Weirdness & Mutations

You have hooves in place of feet.
Armour fits poorly on your strangely shaped body.
You cover ground very quickly.
You have extremely tough skin (AC +3).
You are agile. (Dex +2)


Message History

Press: ? - help, Shift-Dir - straight line, f/p - tengu warrior
Aim: a tengu warrior, wielding a great sword and wearing a ring mail (severely wounded)
You shoot an arrow.
The arrow closely misses the tengu warrior.
Firing (i - inventory):
d - 50 arrows (quivered)
Press: ? - help, Shift-Dir - straight line, f/p - tengu warrior
Aim: a tengu warrior, wielding a great sword and wearing a ring mail (severely wounded)
You shoot an arrow. The arrow hits the tengu warrior.
The tengu warrior is severely wounded.
As you read the scroll of teleportation, it crumbles to dust.
You feel strangely unstable.
Your surroundings suddenly seem different.
A yak comes into view.
The yak bellows!
A yak comes into view.
The yak bellows!
A yak comes into view.
The yak bellows!
The yak gores you.
You die...

###+##
#..?.#
#....#
#....#
#..@.#
#YYY.#
#....#
+..Y.#
#....#
###+##


You could see 4 yaks.

Vanquished Creatures
  A tengu conjurer (D:11)
  A hungry ghost (D:8)
  An orc warrior (D:9)
  2 ice beasts
  A necrophage (D:7)
  A black bear (D:8)
  6 ogres
  A centaur (D:9)
  2 big kobolds (D:9)
  3 giant frogs
  A wyvern zombie (D:8)
  2 scorpions
  4 wights (D:9)
  A howler monkey (D:5)
  6 crimson imps
  3 jellies
  An orc priest (D:4)
  7 orc wizards
  A centaur skeleton (D:5)
  2 iguanas
  5 worker ants
  A hound skeleton (D:8)
  2 worker ant zombies
  17 adders
  4 shadow imps
  2 oozes
  An adder skeleton (D:6)
  An adder zombie (D:8)
  2 worms
  2 dart slugs
  4 giant geckos
  32 orcs
  2 giant cockroaches
  8 goblins
  10 hobgoblins
  7 jackals
  2 quokkas
  5 bats
  A giant cockroach zombie (D:6)
  10 giant newts
  A jackal zombie (D:5)
  20 kobolds
  3 rats
189 creatures vanquished.

Vanquished Creatures (others)
  An orc wizard (D:9)
1 creature vanquished.

Grand Total: 190 creatures vanquished

Notes
Turn   | Place    | Note
--------------------------------------------------------------
     0 | D:1      | mothership the Centaur Hunter began the quest for the Orb.
     0 | D:1      | Reached XP level 1. HP: 17/17 MP: 1/1
   223 | D:1      | Reached XP level 2. HP: 24/24 MP: 2/2
   377 | D:1      | Reached skill level 6 in Bows
   898 | D:2      | Found a glowing golden altar of the Shining One.
  1058 | D:2      | Reached XP level 3. HP: 26/29 MP: 3/3
  1644 | D:2      | Found a blossoming altar of Fedhas.
  1844 | D:3      | Found a white marble altar of Elyvilon.
  2003 | D:3      | Reached XP level 4. HP: 18/36 MP: 4/4
  2198 | D:3      | Reached skill level 7 in Bows
  2941 | D:3      | Reached XP level 5. HP: 39/41 MP: 5/5
  3475 | D:4      | Reached skill level 8 in Bows
  3705 | D:4      | Reached skill level 1 in Armour
  3723 | D:4      | Reached XP level 6. HP: 23/48 MP: 6/6
  4127 | D:4      | Found a deep blue altar of Sif Muna.
  4258 | D:4      | Reached skill level 9 in Bows
  4872 | D:5      | Entered Level 5 of the Dungeon
  4918 | D:5      | Gained mutation: You are agile. (Dex +2) [potion of beneficial mutation]
  5096 | D:5      | Found a sacrificial altar of Ru.
  5497 | D:5      | Noticed an ice beast
  5534 | D:5      | Reached skill level 10 in Bows
  5546 | D:5      | Killed an ice beast
  5546 | D:5      | Reached XP level 7. HP: 36/55 MP: 7/7
  5724 | D:5      | Found a staircase to the Ecumenical Temple.
  6027 | Temple   | Entered the Ecumenical Temple
  6407 | Temple   | Became a worshipper of Trog the Wrathful
  6977 | D:6      | Reached skill level 11 in Bows
  7060 | D:6      | Reached skill level 1 in Stealth
  7094 | D:6      | Found a glowing drain.
  7713 | D:6      | Reached skill level 12 in Bows
  7713 | D:6      | Reached XP level 8. HP: 61/61 MP: 8/8
  8130 | D:7      | Reached * piety under Trog
  8200 | D:7      | Found a shattered altar of Ashenzari.
  8259 | D:7      | Found Othatuot's Armour Emporium.
  8434 | D:7      | Found an opulent altar of Gozag.
  8590 | D:7      | Found a shattered altar of Ashenzari.
  8985 | D:7      | Reached skill level 13 in Bows
  9711 | D:8      | Found a flagged portal.
  9979 | D:8      | Reached skill level 14 in Bows
 10027 | D:8      | Reached XP level 9. HP: 68/68 MP: 9/9
 10350 | D:8      | Reached ** piety under Trog
 10428 | D:9      | Found a shadowy altar of Dithmenos.
 11194 | D:9      | Reached skill level 15 in Bows
 11304 | D:9      | Reached *** piety under Trog
 11536 | D:9      | Noticed Erica
 11622 | D:9      | You fall through a shaft for 2 floors!
 11929 | D:11     | Noticed a tengu conjurer
 11931 | D:11     | Noticed a tengu warrior
 11969 | D:11     | Killed a tengu conjurer
 11978 | D:11     | HP: 3/68 [tengu warrior/great sword[a tengu conjurer] (6)]
 11978 | D:11     | HP: 1/68 [tengu warrior/great sword[a tengu conjurer] (2)]
 12008 | D:11     | Slain by a yak

Skill      XL: |  1  2  3  4  5  6  7  8  9 |
---------------+----------------------------+-----
Bows           | 6 7 8 10 12 14 15 | 15.9
Dodging        | 2 |  2.5
Armour         | 1 2 |  2.8
Stealth        | 1 |  1.2
Fighting       | |  2.4
Axes           | |  0.1

Action                   |  1- 3 |  4- 6 |  7- 9 || total
-------------------------+-------+-------+-------++-------
Melee: War axe           |     7 |       |       ||     7
       Shortbow          |       |       |     5 ||     5
       Kick              |       |       |     2 ||     2
 Fire: Shortbow          |   131 |   208 |   482 ||   821
Invok: Burn Spellbooks   |       |       |     2 ||     2
Evoke: Wand              |       |       |     1 ||     1
  Use: Scroll            |     3 |     5 |     5 ||    13
       Potion            |       |     6 |     9 ||    15
  Eat: Bread ration      |     1 |     2 |     4 ||     7
Armor: Robe              |    56 |       |       ||    56
       Ring mail         |     8 |    33 |    47 ||    88
Dodge: Dodged            |    43 |    24 |    45 ||   112
